Map: Prion Terraces

Players

Revy

  • Race: Zerg Zerg
  • League: Master

MCanning - Winner!

  • Race: Protoss Protoss
  • League: Grandmaster

VOD

Have the link to the VOD?

Description

Time

  • Played on: Jan. 17, 2016, 8:46 p.m.
  • Length: 10:37
Show
View Real Time Build Order
Export as new Build Order

Revy Zerg 

Build Orders: 3 Hatch before Pool 

Get SALT Encoding   

  12  0:01  Drone  
  13  0:12  Overlord  
  13  0:17  Drone  
  14  0:31  Drone x2  
  14  0:34  Drone  
  17  0:53  Hatchery  
  16  1:16  Hatchery, Drone  
  16  1:20  Drone  
  18  1:27  Drone  
  19  1:35  Extractor  
  17  1:40  Spawning Pool  
  17  1:43  Drone  
  17  1:49  Drone  
  18  1:59  Drone  
  19  2:07  Drone  
  20  2:10  Drone  
  21  2:16  Drone  
  21  2:21  Drone  
  23  2:26  Queen  
  23  2:27  Queen  
  27  2:30  Zergling x2  
  27  2:35  Metabolic Boost  
  28  2:40  Zergling x2  
  28  2:41  Drone  
  30  2:46  Overlord  
  30  2:52  Overlord  
  30  2:59  Zergling x6  
  30  3:04  Overlord  
  33  3:06  Zergling x2  
  33  3:09  Zergling x2  
  35  3:13  Zergling x4  
  35  3:14  Zergling x2  
  35  3:18  Zergling x2  
  39  3:21  Zergling x2  
  39  3:22  Zergling x2  
  39  3:26  Zergling x2  
  40  3:39  Zergling x2  
  40  3:44  Zergling x4  
  40  3:45  Zergling x10  
  40  3:47  Zergling x2  
  40  3:48  Zergling x2  
  48  3:55  Zergling x4  
  50  4:01  Zergling x2  
  50  4:04  Zergling x4  
  51  4:15  Zergling x2  
  49  4:18  Zergling x8  
  49  4:19  Zergling x4  
  50  4:34  Overlord x2, Queen  
  50  4:35  Overlord  
  44  4:55  Zergling x10  
  44  4:57  Zergling x10  
  53  5:03  Zergling x8  
  53  5:09  Zergling x2  
  53  5:10  Zergling x4  
  53  5:22  Zergling x2  
  53  5:23  Zergling x4  
  54  5:30  Zergling x2  
  54  5:31  Zergling x4  
  53  5:35  Zergling x2  
  53  5:36  Zergling x4  
  53  5:41  Zergling x2  
  53  5:42  Zergling x6  
  56  6:02  Zergling x4  
  56  6:03  Zergling x2  
  55  6:05  Zergling x2  
  55  6:06  Zergling x4  
  48  6:12  Zergling x6  
  48  6:13  Zergling x10  
  54  6:23  Zergling x6  
  52  6:26  Zergling x2  
  50  6:33  Zergling x2  
  50  6:37  Zergling x4  
  53  6:41  Zergling x2  
  53  6:46  Zergling x2  
  53  6:47  Zergling x6  
  57  6:53  Zergling x4  
  59  6:57  Roach Warren  
  59  7:00  Zergling x6  
  61  7:02  Zergling x4  
  61  7:03  Zergling x8  
  61  7:11  Zergling x8  
  63  7:19  Zergling x2  
  63  7:20  Zergling x2  
  56  7:33  Drone x4  
  56  7:34  Drone x4  
  61  7:37  Drone  
  61  7:39  Drone  
  61  7:42  Drone  
  63  7:47  Drone  
  63  7:48  Drone x2  
  65  7:55  Lair  
  65  7:57  Drone  
  66  7:58  Drone  
  66  8:01  Drone  
  58  8:18  Drone x4  
  59  8:24  Drone x3  
  59  8:25  Drone  
  59  8:26  Overlord  
  63  8:29  Evolution Chamber  
  63  8:31  Evolution Chamber, Drone x2, Extractor x2  
  63  8:32  Drone, Extractor  
  61  8:36  Drone x2  
  61  8:38  Drone x4  
  61  8:39  Drone  
  68  8:42  Drone  
  68  8:44  Overlord x2  
  68  8:52  Roach  
  68  8:55  Roach x4  
  62  9:04  Roach x2  
  62  9:05  Roach  
  62  9:08  Roach x4  
  75  9:15  Roach  
  77  9:26  Roach x2  
  77  9:27  Drone  
  82  9:33  Drone  
  82  9:36  Roach  
  85  9:51  Roach  
  87  9:57  Roach  
  87  9:58  Roach  
  87  9:59  Overlord  
  91  10:08  Roach  
  91  10:10  Ravager x2  
  91  10:13  Overlord x2  
Show
View Real Time Build Order
Export as new Build Order

MCanning Protoss - Winner!

Build Orders: Nexus First 

Get SALT Encoding   

  12  0:00  Probe (Chrono Boost)  
  13  0:11  Probe (Chrono Boost)  
  14  0:18  Pylon  
  14  0:22  Probe (Chrono Boost)  
  15  0:36  Probe (Chrono Boost)  
  16  0:47  Probe (Chrono Boost)  
  17  0:57  Nexus  
  17  1:09  Gateway  
  17  1:11  Probe (Chrono Boost)  
  18  1:21  Assimilator  
  18  1:22  Probe (Chrono Boost)  
  19  1:27  Assimilator  
  20  1:32  Probe (Chrono Boost)  
  20  1:43  Probe (Chrono Boost), Gateway  
  21  1:55  Probe (Chrono Boost)  
  21  1:56  Cybernetics Core  
  22  2:05  Probe (Chrono Boost)  
  23  2:12  Probe (Chrono Boost)  
  23  2:15  Pylon  
  24  2:16  Probe (Chrono Boost)  
  26  2:22  Probe (Chrono Boost)  
  26  2:27  Probe (Chrono Boost)  
  27  2:33  Adept (Chrono Boost)  
  27  2:34  Adept (Chrono Boost)  
  31  2:38  Warp Gate (Chrono Boost)  
  31  2:43  Mothership Core (Chrono Boost)  
  33  2:46  Probe  
  34  2:58  Probe (Chrono Boost)  
  34  3:04  Probe (Chrono Boost)  
  34  3:05  Sentry  
  38  3:06  Sentry  
  38  3:09  Probe (Chrono Boost)  
  41  3:14  Probe (Chrono Boost)  
  41  3:16  Pylon  
  43  3:20  Probe (Chrono Boost)  
  43  3:25  Probe (Chrono Boost)  
  44  3:30  Probe (Chrono Boost)  
  45  3:35  Probe (Chrono Boost)  
  45  3:41  Probe (Chrono Boost)  
  47  3:46  Probe (Chrono Boost)  
  47  3:47  Sentry  
  50  3:51  Probe (Chrono Boost)  
  50  3:52  Nexus  
  50  3:53  Pylon  
  50  3:55  Pylon  
  51  3:56  Probe (Chrono Boost)  
  51  4:01  Gateway  
  48  4:04  Gateway  
  48  4:11  Pylon  
  48  4:15  Pylon  
  48  4:17  Probe (Chrono Boost)  
  48  4:18  Probe (Chrono Boost)  
  50  4:29  Pylon x2  
  44  4:32  Pylon  
  44  4:35  Gateway  
  44  4:36  Gateway  
  44  4:40  Sentry x2  
  44  4:45  Pylon  
  48  4:50  Gateway  
  48  4:52  Gateway  
  48  5:04  Adept x2  
  33  5:17  Probe  
  33  5:19  Probe  
  34  5:29  Adept  
  34  5:30  Adept  
  34  5:33  Adept x2  
  37  5:37  Probe  
  37  5:38  Probe  
  39  5:50  Probe, Adept  
  39  5:51  Adept x3  
  43  5:58  Sentry  
  43  5:59  Sentry  
  43  6:17  Adept x3  
  46  6:19  Probe  
  36  6:28  Probe (Chrono Boost)  
  36  6:30  Sentry x2  
  39  6:33  Probe (Chrono Boost)  
  40  6:44  Gateway  
  40  6:55  Gateway  
  40  6:58  Probe x2 (Chrono Boost)  
  42  7:08  Sentry, Probe (Chrono Boost)  
  45  7:18  Probe (Chrono Boost)  
  45  7:19  Probe (Chrono Boost)  
  47  7:26  Sentry  
  47  7:27  Sentry  
  47  7:28  Probe (Chrono Boost)  
  50  7:33  Probe (Chrono Boost)  
  51  7:42  Probe (Chrono Boost)  
  52  7:47  Probe (Chrono Boost)  
  53  7:52  Robotics Facility  
  53  7:53  Probe (Chrono Boost)  
  53  7:55  Pylon  
  53  7:58  Probe (Chrono Boost)  
  55  8:03  Probe (Chrono Boost)  
  56  8:07  Adept x3  
  56  8:08  Probe (Chrono Boost)  
  63  8:18  Probe (Chrono Boost)  
  63  8:19  Adept x2  
  68  8:20  Adept  
  68  8:23  Adept  
  72  8:31  Adept  
  74  8:39  Pylon  
  74  8:41  Warp Prism (Chrono Boost)  
  74  8:45  Adept  
  74  8:46  Adept  
  80  9:02  Nexus  
  80  9:13  Observer (Chrono Boost)  
  80  9:15  Probe  
  80  9:16  Probe  
  81  9:25  Pylon  
  81  9:27  Probe, Pylon  
  81  9:31  Assimilator  
  82  9:32  Immortal (Chrono Boost)  
  82  9:35  Assimilator  
  86  9:46  Probe  
  86  9:49  Probe  
  88  9:56  Forge  
  88  9:57  Pylon  
  88  9:59  Stalker x2  
  92  10:05  Stalker  
  98  10:13  Adept x2  
  102  10:25  Stalker x3  
Tags
 
Add a new tag
Caveats
  • Supply blocks, unpowered buildings, or Contaminate may cause inaccurate times.
  • Supply counts are checked every 10 seconds.